cohdb
Replays
Latest Replays
All Replays
Popular Replays
Top Player Replays
Match Explorer
How It Works
Community
CoH3 Stats
Reddit
Sign in to upload your games and track your stats! →
Sign in with Steam
Match 38187216
Unlisted
Match 38187216
Overview
Messages
Build Orders
End
Selects Special Operations Battlegroup
Selects M29 Weasel Recon Vehicle
M29 Weasel Recon Vehicle
Engineer Squad
Construct Weapon Support Center
M1919 Machine Gun Team
M1919 Machine Gun Team
Infantry Support Center
Construct Medical Station
Selects Raiding Flares
Bazooka Squad
Selects SSF Commando Squad
SSF Commando Squad
SSF Commando Squad
SSF Commando Squad
Construct Tank Depot
Selects Air Re-supply Operation
Air Re-Supply Operation
SSF Commando Squad
Raiding Flares
Selects Mark Vehicle
Mark Vehicle
Improved M9 Bazooka Rockets
Engineer Squad
Construct Medical Station
severedhand
只愛❤毛妹
0
0
Comments
sign in to comment!
No comments posted yet!